 Dungeon Crawl Stone Soup version 0.21.1-1-g345015f (webtiles) character file.

3 manyhoops the Skirmisher (level 1, -4/23 HPs)
             Began as a Gnoll Wanderer on May 2, 2018.
             Slain by a hobgoblin
             ... wielding a +0 club
              (5 damage)
             ... on level 1 of the Dungeon on May 4, 2018.
             The game lasted 00:00:17 (110 turns).

manyhoops the Skirmisher (Gnoll Wanderer)            Turns: 110, Time: 00:00:18

Health: -4/23      AC:  2    Str: 15    XL:     1   Next: 50%
Magic:  2/2        EV: 12    Int: 15    God:
Gold:   4          SH:  0    Dex: 12    Spells: 0/0 levels left

rFire    . . .     SeeInvis .   a - +2 dagger
rCold    . . .     Gourm    .   (no shield)
rNeg     . . .     Faith    .   f - +0 robe
rPois    .         Spirit   .   (no helmet)
rElec    .         Reflect  .   (no cloak)
rCorr    .         Harm     .   (no gloves)
MR       .....                  (no boots)
Stlth    ++........             (no amulet)
HPRegen  0.07/turn              (no ring)
MPRegen  0.08/turn              (no ring)

@: no status effects
A: distributed training, fangs 1, strong nose
a: no special abilities


You were on level 1 of the Dungeon.
You were not hungry.

You visited 1 branch of the dungeon, and saw 1 of its levels.

You collected 4 gold pieces.

Inventory:

Hand Weapons
 a - a +2 dagger (weapon)
 d - a +0 shortbow
Missiles
 e - 25 arrows
Armour
 f - a +0 robe (worn)
Scrolls
 c - a scroll of teleportation
 h - a scroll of remove curse {unknown}
Potions
 b - a potion of haste
 i - a potion of berserk rage {unknown}
 j - a potion of might {unknown}
Comestibles
 g - a ration


   Skills:
 + Level 6.4 Fighting
 + Level 0.0 Short Blades
 + Level 2.3 Long Blades
 + Level 0.0 Axes
 + Level 0.0 Maces & Flails
 + Level 0.0 Polearms
 + Level 0.0 Staves
 + Level 0.0 Slings
 + Level 4.4 Bows
 + Level 0.0 Crossbows
 + Level 0.0 Throwing
 + Level 0.0 Armour
 + Level 2.3 Dodging
 + Level 2.1 Stealth
 + Level 2.3 Shields
 + Level 0.0 Unarmed Combat
 + Level 0.0 Spellcasting
 + Level 0.0 Conjurations
 + Level 0.0 Hexes
 + Level 0.0 Charms
 + Level 0.0 Summonings
 + Level 0.0 Necromancy
 + Level 0.0 Translocations
 + Level 0.0 Transmutations
 + Level 0.0 Fire Magic
 + Level 0.0 Ice Magic
 + Level 0.0 Air Magic
 + Level 0.0 Earth Magic
 + Level 0.0 Poison Magic
 + Level 0.1 Invocations
 + Level 2.3 Evocations


You couldn't memorise any spells.
You didn't know any spells.

Dungeon Overview and Level Annotations

Branches:
Dungeon (1/15)

Altars:


Innate Abilities, Weirdness & Mutations

Your experience applies equally to all skills.
You have very sharp teeth.
Your uncanny sense of smell can sniff out nearby items.


Message History

You are too injured to fight recklessly!
Unknown command.
Welcome back, manyhoops the Gnoll Wanderer.
Press ? for a list of commands and other information.
The bat misses you. The rat barely misses you. The gnoll barely misses you.
The bat hits you but does no damage. The rat misses you.
The gnoll closely misses you. The rat closely misses you. The gnoll misses you.
The hobgoblin closely misses you. The rat bites you.
The gnoll barely misses you. The hobgoblin closely misses you.
The rat bites you but does no damage. The gnoll hits you with a spear.
* * * LOW HITPOINT WARNING * * *
The rat bites you.
* * * LOW HITPOINT WARNING * * *
The hobgoblin closely misses you. The gnoll misses you.
The rat closely misses you. The hobgoblin barely misses you.
The gnoll closely misses you. The rat bites you but does no damage.
The hobgoblin hits you with a club.
You die...

#########
#........
##........
#.........
#.........
#.rg......
#.@gb.....
#####%####....
#.....# !
##.#### #.# ∆
#)# #.# #.#
#.#


You could see a gnoll, a hobgoblin, a bat and a rat.

Vanquished Creatures
  A giant cockroach (D:1)
  A kobold (D:1)
  A frilled lizard (D:1)
3 creatures vanquished.

Notes
Turn   | Place    | Note
-------+----------+-------------------------------------------
     0 | D:1      | manyhoops the Gnoll Wanderer began the quest for the Orb.
     0 | D:1      | manyhoops set off with: a +2 dagger, a potion of haste, a scroll of teleportation, a +0 shortbow, 25 arrows, a +0 robe, a ration
     0 | D:1      | Reached XP level 1. HP: 23/23 MP: 2/2
   108 | D:1      | HP: 1/23 [rat (2)]
   110 | D:1      | Slain by a hobgoblin

Action                   || total
-------------------------++-------
Melee: Dagger            ||    12
       Bite              ||     2
Armor: Robe              ||     6
Dodge: Dodged            ||    28
